 Dungeon Crawl Stone Soup version 0.18.1-50-g88ac8fd (webtiles) character file.

147073 Suttyogo the Bludgeoner (level 16, 0/193 HPs)
             Began as a Demonspawn Berserker on Oct 18, 2016.
             Was a High Priest of Trog.
             Succumbed to a swamp dragon's poison gas
             ... on level 4 of the Swamp on Oct 19, 2016.
             The game lasted 04:26:41 (34432 turns).

Suttyogo the Bludgeoner (Demonspawn Berserker)     Turns: 34432, Time: 04:26:42

Health: 0/193      AC: 27    Str: 39      XL:     16   Next: 61%
Magic:  16/16      EV: 12    Int: 11      God:    Trog [*****.]
Gold:   1801       SH: 22    Dex: 16 (17) Spells: 0 memorised, 15 levels left

rFire  . . .     SeeInvis +     u - +11 morningstar "Eos" {elec, -Tele rElec SInv}
rCold  + . .     Gourm    .     m - +6 plate armour
rNeg   . . .     Faith    .     r - +0 large shield
rPois  .         Spirit   .     (helmet restricted)
rElec  +         Dismiss  .     Q - +0 cloak {MR+}
rCorr  .         Reflect  .     (no gloves)
SustAt .         Harm     .     (boots unavailable)
MR     ++...     NoTele   +     s - amulet of magic regeneration
Stlth  ..........               j - +6 ring of strength
                                q - ring of Starshine {Wiz Str+6}

@: berserking (expiring), lethally poisoned (0 -> -97), very quick, very
resistant to hostile enchantments, extremely unstealthy
A: horns 1, talons 3, icy blue scales 3, agile 1, blink, clever 1, demonic
guardian 2, deterioration 1, nightstalker 2, regeneration 1, electricity
resistance, teleportitis 1, augmentation 1
a: Blink, Berserk, Trog's Hand, Brothers in Arms, Burn Spellbooks, Renounce
Religion
}: 1/15 runes: decaying


You were on level 4 of the Swamp.
You worshipped Trog.
Trog was extremely pleased with you.
You were hungry.

You visited 5 branches of the dungeon, and saw 30 of its levels.
You also visited: Ossuary.

You collected 3085 gold pieces.
You spent 1284 gold pieces at shops.

Inventory:

Hand Weapons
 e - a +4 great mace of freezing
 t - a +2 executioner's axe of chopping
 u - the +11 morningstar "Eos" (weapon) {elec, -Tele rElec SInv}
   (You bought it in a shop on level 10 of the Dungeon)

   Occasionally, upon striking a foe, it will discharge some electrical energy
   and cause terrible harm.
   It insulates you from electricity.
   It lets you see invisible.
   It prevents most forms of teleportation.
 x - the +8 mace "Qourr" {pain, -Tele rElec rF+++ Str+4}
   (You bought it in a shop on level 2 of the Orcish Mines)

   In the hands of one skilled in necromantic magic, it inflicts extra damage on
   living creatures.
   It affects your strength (+4).
   It renders you almost immune to fire.
   It insulates you from electricity.
   It prevents most forms of teleportation.
 W - the cursed +2 mace "Zoneh" {venom, rN+ MR- SInv}
   (You found it on level 8 of the Lair of Beasts)

   It poisons the flesh of those it strikes.
   It protects you from negative energy.
   It affects your resistance to hostile enchantments.
   It lets you see invisible.
   It has a curse placed upon it.
Armour
 m - a +6 plate armour (worn)
 r - a +0 large shield (worn)
 Q - a +0 cloak of magic resistance (worn)
Jewellery
 j - a +6 ring of strength (right hand)
 l - an uncursed ring of ice
 q - the ring of Starshine (left hand) {Wiz Str+6}
   (You found it on level 6 of the Dungeon)

   [ring of wizardry]

   It improves your spell success rate.
   It affects your strength (+6).
 s - an amulet of magic regeneration (around neck)
 E - an uncursed ring of protection from magic
 R - an uncursed ring of flight
Scrolls
 w - a scroll of recharging
 y - a scroll of silence {unknown}
 z - a scroll of enchant weapon
 B - 7 scrolls of teleportation
 M - 4 scrolls of remove curse
 N - 3 scrolls of blinking
 Z - 7 scrolls of identify
Potions
 b - 2 potions of cancellation
 f - a potion of berserk rage
 g - 4 potions of lignification
 i - 4 potions of brilliance
 k - 6 potions of curing
 o - 2 potions of magic
 H - 5 potions of flight
 J - 3 potions of haste
 Y - a potion of might
Miscellaneous
 p - an ornate deck of war {drawn: 1}
 v - a plain deck of changes
Comestibles
 a - 11 royal jellies
 c - 3 bread rations
 d - a slice of pizza
 h - 3 beef jerkies
 n - 7 meat rations
 A - 26 fruits
 C - 2 chunks of flesh


   Skills:
 + Level 12.5 Fighting
 + Level 15.8 Maces & Flails
 + Level 12.7 Armour
 + Level 10.1 Dodging
 - Level 0.8 Stealth
 * Level 12.3 Shields


You had 15 spell levels left.
You didn't know any spells.

Dungeon Overview and Level Annotations

Branches:
Dungeon (15/15)            Temple (1/1) D:4            Lair (8/8) D:8
  Swamp (4/4) Lair:6        Snake (0/4) Lair:4        Slime (0/6) Lair:7
    Orc (2/2) D:9             Elf (0/3) Orc:2        Vaults (0/5) D:14
 Depths (0/5) D:15

Altars:
Ashenzari
Cheibriados
Dithmenos
Elyvilon
Fedhas
Gozag
Kikubaaqudgha
Makhleb
Nemelex Xobeh
Okawaru
Pakellas
Qazlal
Ru
Sif Muna
Trog
Vehumet
Xom
Yredelemnul
Zin
The Shining One
Jiyva

Shops:
D:10 (   Orc:1 !   Orc:2 (=[?

Portals:
Trove: D:13 (give 24 scrolls of identify)

Annotations:
Lair:3 exclusion: oklob plant
Swamp:2 exclusion: 2 oklob plants
Swamp:4 exclusion: Roxanne, Roxanne


Innate Abilities, Weirdness & Mutations

You have claws for feet.
You are completely covered in icy blue scales (AC +4, EV -1, rC+).
A demonic guardian rushes to your aid.
You are significantly more attuned to the shadows.
Your magical and physical power is slightly enhanced at high health.
You have a pair of small horns on your head.
You are agile. (Dex +2)
You can translocate small distances at will.
Your mind is acute. (Int +2)
Your body sometimes deteriorates upon taking damage.
Your natural rate of healing is unusually fast.
You are resistant to electric shocks.
You are occasionally teleported next to monsters.


Message History

* * * LOW HITPOINT WARNING * * *
x2 You feel very sick.
Unknown command.
You bludgeon the swamp dragon!!
You feel the power of Trog in you as your rage grows.
You kill the swamp dragon!
Trog accepts your kill.
* * * LOW HITPOINT WARNING * * *
You feel very sick.
You are too berserk!
* * * LOW HITPOINT WARNING * * *
You feel extremely sick.
You are too berserk!
You are too berserk!
You feel a strong urge to attack something.
* * * LOW HITPOINT WARNING * * *
You feel very sick.
You enter the shallow water.
Moving in this stuff is going to be slow.
You die...

....≈..≈..≈♣##.........##≈≈≈.≈..≈
.♣≈..≈≈...≈≈♣##.......##♣.♣....≈≈
≈.≈......≈.§♣ ###...###♣≈≈♣♣.≈..≈
....≈≈..≈..≈§♣ ##### ♣≈≈.......≈
≈..≈≈...≈...≈.♣♣ #♣≈≈... ..≈
...≈...≈≈.≈≈...≈♣♣##♣≈≈≈..♣ ..
.≈...≈.......§.≈.≈♣≈≈≈≈..♣♣
.......≈........≈≈≈≈♣§§≈..♣♣♣
....≈..≈......≈.@.♣♣♣§§§≈..≈≈
.≈..≈.....≈......♣≈♣♣.≈§≈≈≈♣
≈.≈.≈...≈≈...≈.≈.≈..♣.≈≈≈≈≈♣♣
..≈≈§./....≈.≈..≈♣≈♣♣..≈≈≈≈≈♣
.≈..≈≈[......≈...♣♣♣♣≈≈.≈≈≈♣♣♣♣♣
♣♣♣♣...♣≈§.≈≈...≈≈♣....♣......≈♣
♣..≈....≈...≈...≈..≈.≈.♣..≈.<≈♣♣
≈.≈.≈.≈..≈≈.♣....≈♣.♣.♣..≈≈≈≈.♣
≈...≈....≈.....≈≈...≈≈≈≈≈≈.≈≈.♣


There were no monsters in sight!

Vanquished Creatures
  Rupert (D:12)
  3 thorn hunters
  Maud (D:13)
  2 very ugly things (Swamp:4)
  The ghost of anadir the Fighter, a journeyman MiBe of Trog (Lair:8)
  Azrael (D:13)
  An ettin (D:15)
  18 hydras
  5 centaur warriors
  2 catoblepae
  An alligator (Swamp:2)
  A ghost crab (Swamp:3)
  A death knight (D:15)
  2 ogre magi (Orc:2)
  2 tengu warriors (D:15)
  A skeletal warrior (D:15)
  A deep elf archer (D:15)
  A spriggan druid (Swamp:2)
  4 hill giants
  10 swamp dragons
  6 shambling mangroves
  2 phantasmal warriors (D:15)
  A mana viper (shapeshifter) (D:15)
  A necromancer (D:14)
  A wolf spider (D:12)
  An orc knight (Orc:1)
  A wizard (D:14)
  4 ugly things
  3 deep elf magi (D:12)
  2 orc sorcerers
  2 hornets (Swamp:3)
  A griffon (D:15)
  4 manticores
  5 cyclopes
  3 black mambas
  3 centaur zombies
  A gargoyle (D:12)
  9 spiny frogs
  A rime drake (Lair:8)
  2 kobold demonologists
  A yaktaur (D:12)
  5 komodo dragons
  3 tengu conjurers (D:15)
  An efreet (D:15)
  4 trolls
  9 polar bears
  10 giant leeches
  11 two-headed ogres
  4 bog bodies
  3 raiju (Lair:8)
  24 blink frogs
  10 slime creatures
  12 spriggans
  3 shadows
  5 wraiths
  A centaur simulacrum (D:11)
  8 basilisks
  31 yaks
  2 fire elementals
  3 wyverns
  6 hippogriffs
  A hungry ghost (D:13)
  10 vampire mosquitoes
  2 mottled dragons
  7 insubstantial wisps
  2 nagas (Lair:4)
  18 swamp worms
  7 wargs (Lair:8)
  4 hell hounds (Lair:8)
  11 porcupines
  12 water moccasins
  13 orc warriors
  15 swamp drakes
  24 wasps
  4 sky beasts
  An eye of draining (D:15)
  6 phantoms
  3 ice beasts
  23 ogres
  11 black bears
  A necrophage (D:7)
  9 wolves (Lair:8)
  10 centaurs
  11 crocodiles
  Blork the orc (Orc:1)
  2 big kobolds
  22 giant frogs
  4 water moccasin zombies (Ossuary)
  2 scorpions
  A troll zombie (D:7)
  13 wights
  6 killer bees
  4 howler monkeys (D:11)
  A wasp zombie (D:11)
  8 crimson imps
  14 hounds
  A giant frog zombie (D:12)
  3 human zombies (D:7)
  2 giant frog skeletons
  11 orc priests
  6 centaur skeletons
  14 iguanas
  21 orc wizards
  2 human skeletons (D:7)
  7 worker ants
  30 sheep
  2 big kobold zombies (Ossuary)
  An ogre zombie (D:7)
  4 mummies
  A howler monkey zombie (D:5)
  Robin (D:2)
  13 gnolls
  3 howler monkey skeletons
  11 adders
  57 river rats
  3 shadow imps
  An ooze (D:4)
  5 adder zombies
  3 adder skeletons
  2 worms (D:2)
  5 dart slugs
  4 giant geckos
  55 orcs
  14 bats
  6 giant cockroaches
  5 gnoll zombies (Ossuary)
  19 goblins
  9 hobgoblins
  5 jackals
  7 quokkas
  A ball python (D:3)
  A giant gecko zombie (D:5)
  6 giant newts
  6 hobgoblin zombies (Ossuary)
  A jackal skeleton (D:5)
  11 kobolds
  6 kobold zombies (Ossuary)
  6 orc zombies (Ossuary)
  16 rats
  3 briar patches (Swamp:4)
  A bush (Lair:3)
  16 fungi
  17 plants
975 creatures vanquished.

Vanquished Creatures (collateral kills)
  A thorn hunter (Swamp:2)
  Louise (D:15)
  The ghost of Raawgnar the Severer, a journeyman MiFi of the Shining One (Orc:2)
  The ghost of Gargoyl the Schismatic, a journeyman DsAK of Lugonu (Lair:5)
  Erolcha (D:8)
  Josephine (D:10)
  8 hydras
  A catoblepas (Lair:3)
  A centaur warrior (D:15)
  2 ogre magi (Orc:2)
  5 death yaks
  Urug (Orc:1)
  A swamp dragon (Swamp:4)
  A hill giant (D:15)
  A spriggan druid (Swamp:4)
  2 shambling mangroves (Swamp:4)
  3 orc knights
  A lindwurm (Lair:8)
  A cyclops (Orc:1)
  2 ugly things (D:14)
  2 torpor snails
  A centaur skeleton (D:13)
  2 spiny frogs
  A komodo dragon (Lair:5)
  2 trolls
  10 blink frogs
  A slime creature (Swamp:4)
  A bog body (Swamp:2)
  2 two-headed ogres
  2 spriggans (Lair:1)
  2 wraiths
  27 yaks
  A steam dragon (D:11)
  Grum (D:8)
  A fire elemental (D:13)
  A basilisk (D:11)
  2 vampire mosquitoes (Swamp:3)
  2 hippogriffs
  2 wargs
  2 swamp drakes (Swamp:4)
  A water moccasin (Lair:7)
  4 hell hounds
  2 porcupines
  An eye of draining (D:10)
  An ice beast (D:8)
  10 orc warriors
  A sky beast (D:7)
  3 black bears (Lair:8)
  2 wasps
  4 ogres (Orc:2)
  3 wolves
  A centaur (D:14)
  2 crocodiles
  2 big kobolds
  A gnoll sergeant (D:8)
  5 giant frogs
  6 killer bees
  2 electric eels (Lair:6)
  2 crimson imps
  4 orc wizards
  A giant frog skeleton (D:5)
  A gnoll shaman (D:8)
  8 orc priests
  3 hounds
  Jessica (D:2)
  An iguana (D:10)
  15 sheep
  A hound skeleton (D:8)
  5 gnolls (D:8)
  16 river rats
  20 orcs
  2 goblins (D:2)
  4 jackals (Lair:8)
  4 bats (D:8)
  5 kobolds
  A rat (D:8)
  A fungus (Swamp:2)
  2 plants (Lair:8)
249 creatures vanquished.

Vanquished Creatures (others)
  A swamp drake (Swamp:4)
  A gnoll (Orc:1)
  2 orcs (Orc:1)
  A briar patch (Swamp:2)
  39 fungi
  23 plants
67 creatures vanquished.

Grand Total: 1291 creatures vanquished

Notes
Turn   | Place    | Note
--------------------------------------------------------------
     0 | D:1      | Suttyogo the Demonspawn Berserker began the quest for the Orb.
     0 | D:1      | Reached XP level 1. HP: 18/18 MP: 1/1
   572 | D:1      | Gained mutation: A weak demonic guardian rushes to your aid. [demonic ancestry]
   572 | D:1      | Reached XP level 2. HP: 13/24 MP: 2/2
  1138 | D:1      | Reached skill level 3 in Maces & Flails
  1298 | D:1      | Reached ** piety under Trog
  1336 | D:1      | Reached XP level 3. HP: 29/29 MP: 3/3
  1553 | D:2      | Noticed Jessica
  1556 | D:2      | Killed Jessica
  1673 | D:2      | Gained mutation: You are partially covered in icy blue scales (AC +1). [demonic ancestry]
  1673 | D:2      | Reached XP level 4. HP: 21/36 MP: 4/4
  1826 | D:2      | Noticed Robin
  1883 | D:2      | Killed Robin
  2819 | D:2      | Reached *** piety under Trog
  2819 | D:2      | Reached XP level 5. HP: 42/42 MP: 5/5
  3449 | D:3      | Found a deep blue altar of Sif Muna.
  3477 | D:3      | Found a glowing silver altar of Zin.
  3482 | D:3      | Noticed an angel
  4112 | D:4      | Found an oddly glowing altar of Pakellas.
  4135 | D:4      | Found a blossoming altar of Fedhas.
  4390 | D:4      | Found a staircase to the Ecumenical Temple.
  4403 | D:4      | Reached skill level 1 in Shields
  4414 | Temple   | Entered the Ecumenical Temple
  4456 | D:4      | Found a snail-covered altar of Cheibriados.
  4489 | D:4      | Noticed a phantom
  4792 | D:4      | Gained mutation: You have sharp toenails. [demonic ancestry]
  4792 | D:4      | Reached XP level 6. HP: 39/48 MP: 6/6
  5335 | D:4      | Reached **** piety under Trog
  5335 | D:4      | Reached skill level 4 in Maces & Flails
  5479 | D:4      | Gained mutation: You are agile. (Dex +2) [potion of mutation]
  5479 | D:4      | Gained mutation: Your mind is acute. (Int +2) [potion of mutation]
  5526 | D:4      | Gained mutation: You are mostly covered in icy blue scales (AC +3, EV -1). [potion of mutation]
  5526 | D:4      | Gained mutation: You are robust (+10% HP). [potion of mutation]
  5526 | D:4      | Gained mutation: You expend magic power (3 MP) to strengthen your wands. [potion of mutation]
  5527 | D:4      | Gained mutation: You have sharp fingernails. [potion of mutation]
  5527 | D:4      | Lost mutation: You have sharp fingernails. [potion of mutation]
  5530 | D:5      | Entered Level 5 of the Dungeon
  5569 | D:5      | Gained mutation: You have razor-sharp toenails. [demonic ancestry]
  5569 | D:5      | Reached XP level 7. HP: 57/59 MP: 7/7
  6341 | D:5      | Reached skill level 5 in Maces & Flails
  6434 | D:6      | Got a flickering bone ring
  6439 | D:6      | Got an iridescent hand axe
  6452 | D:6      | Identified the cursed +1 hand axe "Ultimatum" {speed, +Blink rF+ rN+++ Dex-4} (You found it on level 6 of the Dungeon)
  6454 | D:6      | Identified the ring of Starshine {Wiz Str+6} (You found it on level 6 of the Dungeon)
  6565 | D:6      | Found an opulent altar of Gozag.
  6896 | D:6      | Got a twisted scale mail
  6907 | D:6      | Identified the cursed +1 scale mail of Conscience {rPois rF+ rC+ Str+4} (You found it on level 6 of the Dungeon)
  7032 | D:7      | Reached XP level 8. HP: 67/67 MP: 8/8
  7040 | D:7      | Reached skill level 5 in Fighting
  7084 | D:7      | Found a basalt altar of Yredelemnul.
  7089 | D:7      | Reached skill level 6 in Maces & Flails
  7156 | D:7      | Reached skill level 5 in Armour
  7482 | D:7      | Found a sand-covered staircase.
  7487 | Ossuary  | Entered an ossuary
  7761 | Ossuary  | Reached skill level 7 in Maces & Flails
  7895 | Ossuary  | Gained mutation: A demonic guardian rushes to your aid. [demonic ancestry]
  7895 | Ossuary  | Reached XP level 9. HP: 75/75 MP: 9/9
  7981 | Ossuary  | Gained mutation: You are very agile. (Dex +4) [potion of mutation]
  8229 | D:7      | Gained mutation: You tend to lose your temper in combat. [mutagenic meat]
  8230 | D:7      | Gained mutation: Your natural rate of healing is unusually fast. [mutagenic meat]
  8231 | D:7      | Lost mutation: You are very agile. (Dex +4) [mutagenic meat]
  8233 | D:7      | Gained mutation: You have a pair of small horns on your head. [mutagenic meat]
  8376 | D:8      | Noticed Erolcha
  8390 | D:8      | Killed Erolcha
  8390 | D:8      | Reached skill level 8 in Maces & Flails
  8635 | D:8      | Reached skill level 5 in Dodging
  8704 | D:8      | Reached skill level 9 in Maces & Flails
  8704 | D:8      | Gained mutation: You have claws for feet. [demonic ancestry]
  8704 | D:8      | Reached XP level 10. HP: 84/84 MP: 10/10
  8710 | D:8      | Reached ***** piety under Trog
  8749 | D:8      | Found a staircase to the Lair.
  8822 | D:8      | Found an ancient bone altar of Kikubaaqudgha.
  9084 | D:8      | Noticed Grum
  9094 | D:8      | Killed Grum
  9855 | D:9      | Found a staircase to the Orcish Mines.
 10242 | D:9      | Found a basalt altar of Yredelemnul.
 10314 | D:10     | Entered Level 10 of the Dungeon
 10370 | D:10     | Noticed Josephine
 10373 | D:10     | Killed Josephine
 10658 | D:10     | Reached skill level 10 in Maces & Flails
 10737 | D:10     | Found Ofynekhle's Weapon Boutique.
 11803 | D:11     | Gained mutation: You are completely covered in icy blue scales (AC +4, EV -1, rC+). [demonic ancestry]
 11803 | D:11     | Reached XP level 11. HP: 92/92 MP: 11/11
 12094 | D:11     | Noticed a hill giant
 12099 | D:11     | Killed a hill giant
 12399 | Orc:1    | Entered Level 1 of the Orcish Mines
 12668 | Orc:1    | Gained mutation: You are resistant to electric shocks. [potion of beneficial mutation]
 12844 | Orc:2    | Entered Level 2 of the Orcish Mines
 12929 | Orc:2    | Found a staircase to the Elven Halls.
 13163 | Orc:1    | Found Umoah's Distillery.
 13400 | Orc:1    | Noticed an orc knight
 13401 | Orc:1    | Noticed Urug
 13401 | Orc:1    | Noticed Blork the orc
 13420 | Orc:1    | Killed Urug
 13429 | Orc:1    | Killed an orc knight
 13429 | Orc:1    | Reached skill level 11 in Maces & Flails
 13432 | Orc:1    | Killed Blork the orc
 13442 | Orc:1    | Noticed an orc knight
 13447 | Orc:1    | Noticed an orc knight
 13447 | Orc:1    | Killed an orc knight
 13447 | Orc:1    | Reached skill level 5 in Shields
 13456 | Orc:1    | Killed an orc knight
 13905 | Orc:2    | Noticed an orc knight
 13917 | Orc:2    | Killed an orc knight
 14145 | Orc:2    | Noticed Raawgnar's ghost (journeyman MiFi)
 14171 | Orc:2    | Killed Raawgnar's ghost
 14179 | Orc:2    | Noticed an ogre mage
 14184 | Orc:2    | Killed an ogre mage
 14504 | Orc:2    | Noticed an ogre mage
 14505 | Orc:2    | Noticed an ogre mage
 14528 | Orc:2    | Killed an ogre mage
 14528 | Orc:2    | Reached skill level 12 in Maces & Flails
 14528 | Orc:2    | Reached XP level 12. HP: 83/103 MP: 12/12
 14531 | Orc:2    | Killed an ogre mage
 14631 | Orc:2    | Noticed an ogre mage
 14646 | Orc:2    | Killed an ogre mage
 14983 | Orc:2    | Found Ruylad's Magic Scroll Shoppe.
 14983 | Orc:2    | Found Timpaluro's Jewellery Shop.
 14983 | Orc:2    | Found Keyxi's Armour Shop.
 14983 | Orc:2    | Found Atsemuz's Antique Weapon Emporium.
 15158 | Orc:2    | Bought a crystal mace for 224 gold pieces
 15162 | Orc:2    | Bought a scroll of identify for 26 gold pieces
 15162 | Orc:2    | Bought a scroll of identify for 26 gold pieces
 15162 | Orc:2    | Identified the +8 mace "Qourr" {pain, -Tele rElec rF+++ Str+4} (You bought it in a shop on level 2 of the Orcish Mines)
 15419 | Lair:1   | Entered Level 1 of the Lair of Beasts
 16135 | Lair:1   | Reached skill level 13 in Maces & Flails
 16564 | Lair:2   | Noticed a four-headed hydra
 16569 | Lair:2   | Killed a four-headed hydra
 17001 | Lair:2   | Noticed a four-headed hydra
 17006 | Lair:2   | Killed a four-headed hydra
 17238 | Lair:2   | Found a glowing silver altar of Zin.
 17357 | Lair:2   | Noticed a death yak
 17367 | Lair:2   | Killed a death yak
 17610 | Lair:3   | Noticed a catoblepas
 17620 | Lair:3   | Killed a catoblepas
 17815 | Lair:3   | Noticed an eight-headed hydra
 17821 | Lair:3   | Killed an eight-headed hydra
 17821 | Lair:3   | Reached XP level 13. HP: 111/111 MP: 13/13
 18278 | Lair:3   | You fall through a shaft for 2 floors!
 18524 | Lair:4   | Got a warped falchion
 18690 | Lair:4   | Found a staircase to the Snake Pit.
 19089 | Lair:3   | Reached skill level 10 in Armour
 19313 | Lair:4   | Reached skill level 14 in Maces & Flails
 19741 | Lair:5   | Reached skill level 10 in Fighting
 19879 | Lair:5   | Noticed Gargoyl's ghost (journeyman DsAK)
 19894 | Lair:5   | Killed Gargoyl's ghost
 20176 | Lair:6   | Identified the +9 falchion of Caamn {vamp, *Drain rN+ MP+9 Stlth+} (You found it on level 4 of the Lair of Beasts)
 21149 | Lair:6   | Found a staircase to the Swamp.
 21312 | Lair:7   | Found a viscous altar of Jiyva.
 21312 | Lair:7   | Found a staircase to the Slime Pits.
 21790 | Lair:7   | Got a scintillating amethyst amulet
 21821 | Lair:7   | Identified the amulet "Vadaupnu" {Dismiss *Corrode *Confuse rC+++ rN++} (You found it on level 7 of the Lair of Beasts)
 21961 | Lair:8   | Entered Level 8 of the Lair of Beasts
 22176 | Lair:8   | Gained mutation: Your magical and physical power is slightly enhanced at high health. [demonic ancestry]
 22176 | Lair:8   | Reached XP level 14. HP: 120/122 MP: 14/14
 22528 | Lair:8   | Received a gift from Trog
 22765 | Lair:8   | Got a crystal mace
 22766 | Lair:8   | Identified the cursed +2 mace "Zoneh" {venom, rN+ MR- SInv} (You found it on level 8 of the Lair of Beasts)
 23163 | Lair:8   | Noticed anadir's ghost (journeyman MiBe)
 23457 | Lair:8   | Killed anadir's ghost
 24135 | D:12     | Noticed Rupert
 24143 | D:12     | Killed Rupert
 24795 | D:10     | Bought the +11 morningstar "Eos" {elec, -Tele rElec SInv} for 1008 gold pieces
 25688 | D:13     | Found a portal to a secret trove of treasure.
 25876 | D:13     | Lost mutation: You tend to lose your temper in combat. [mutagenic meat]
 26011 | D:13     | Noticed Azrael
 26090 | D:13     | Killed Azrael
 26142 | D:13     | Reached skill level 15 in Maces & Flails
 26208 | D:13     | Noticed Maud
 26224 | D:13     | Killed Maud
 26733 | D:14     | Reached skill level 10 in Shields
 26767 | D:14     | Found a deep blue altar of Sif Muna.
 26791 | D:14     | Gained mutation: You are slightly more attuned to the shadows. [demonic ancestry]
 26791 | D:14     | Reached XP level 15. HP: 129/129 MP: 15/15
 26814 | D:14     | Lost mutation: You are robust (+10% HP). [mutagenic meat]
 26815 | D:14     | Gained mutation: You can translocate small distances at will. [mutagenic meat]
 26816 | D:14     | Gained mutation: Your mind is very acute. (Int +4) [mutagenic meat]
 26817 | D:14     | Lost mutation: You have a pair of small horns on your head. [mutagenic meat]
 26819 | D:14     | Lost mutation: Your mind is very acute. (Int +4) [mutagenic meat]
 26820 | D:14     | Lost mutation: You expend magic power (3 MP) to strengthen your wands. [mutagenic meat]
 26952 | D:14     | Gained mutation: Your body sometimes deteriorates upon taking damage. [potion of mutation]
 27339 | D:14     | Found a gate to the Vaults.
 27426 | D:15     | Entered Level 15 of the Dungeon
 27430 | D:15     | Found a blossoming altar of Fedhas.
 27759 | D:15     | Received a gift from Trog
 28431 | D:15     | Noticed Louise
 28443 | D:15     | Killed Louise
 28660 | D:15     | Found a staircase to the Depths.
 28793 | D:15     | Found a white marble altar of Elyvilon.
 29955 | Swamp:1  | Entered Level 1 of the Swamp
 31101 | Swamp:2  | Noticed a thorn hunter
 31105 | Swamp:2  | Noticed a thorn hunter
 31115 | Swamp:2  | Noticed a thorn hunter
 31119 | Swamp:2  | Killed a thorn hunter
 31128 | Swamp:2  | Killed a thorn hunter
 31131 | Swamp:2  | Killed a thorn hunter
 31262 | Swamp:2  | Received a gift from Trog
 31603 | Swamp:2  | Gained mutation: You have a pair of small horns on your head. [potion of mutation]
 31603 | Swamp:2  | Gained mutation: You are occasionally teleported next to monsters. [potion of mutation]
 32151 | Swamp:3  | Gained mutation: You are significantly more attuned to the shadows. [demonic ancestry]
 32151 | Swamp:3  | Reached XP level 16. HP: 72/127 MP: 16/16
 33411 | Swamp:4  | Entered Level 4 of the Swamp
 33731 | Swamp:4  | Received a gift from Trog
 33748 | Swamp:4  | Reached skill level 10 in Dodging
 34172 | Swamp:4  | Noticed a thorn hunter
 34189 | Swamp:4  | Got a decaying rune of Zot
 34232 | Swamp:4  | Killed a thorn hunter
 34262 | Swamp:4  | Noticed Roxanne
 34431 | Swamp:4  | HP: 8/193 [poisoned by a swamp dragon (poison gas)]
 34432 | Swamp:4  | Succumbed to a swamp dragon's poison gas

Skill      XL: |  1  2  3  4  5  6  7  8  9 10 11 12 13 14 15 16 |
---------------+-------------------------------------------------+-----
Dodging        | 2 3 4 5 6 7 8 9 10 | 10.1
Maces & Flails | 3 4 5 7 9 10 12 13 14 15 | 15.8
Armour         | 2 3 4 5 7 8 9 10 11 12 | 12.7
Fighting       | 4 5 6 7 8 9 10 11 12 | 12.5
Shields        | 1 2 3 4 5 6 7 10 11 12 | 12.3
Stealth        | |  0.8

Action                   |  1- 3 |  4- 6 |  7- 9 | 10-12 | 13-15 | 16-18 || total
-------------------------+-------+-------+-------+-------+-------+-------++-------
Melee: Mace              |    87 |    81 |       |   201 |   729 |       ||  1098
       Short sword       |       |    51 |       |       |       |       ||    51
       Flail             |       |   103 |   352 |   436 |       |       ||   891
       Kick              |       |    13 |   148 |   316 |   609 |    93 ||  1179
       Headbutt          |       |       |     9 |   218 |   297 |    53 ||   577
       Morningstar       |       |       |       |       |   507 |   228 ||   735
Invok: Berserk           |     3 |     2 |     1 |     3 |     2 |     3 ||    14
       Trog's Hand       |       |     1 |       |       |     1 |       ||     2
       Brothers in Arms  |       |       |     4 |    22 |    30 |     5 ||    61
       Burn Spellbooks   |       |       |       |       |     4 |       ||     4
Evoke: Wand              |       |       |       |       |     1 |       ||     1
       Deck              |       |       |       |       |     1 |       ||     1
  Use: Scroll            |     1 |    14 |     4 |    22 |    16 |       ||    57
       Potion            |       |    11 |     6 |     3 |     8 |    11 ||    39
 Stab: Sleeping          |     1 |       |       |       |       |       ||     1
       Distracted        |       |     3 |     2 |       |     5 |     1 ||    11
       Invisible         |       |       |       |       |     3 |       ||     3
  Eat: Chunk             |     5 |     9 |    13 |    21 |    36 |     4 ||    88
       Royal jelly       |       |     1 |       |       |     4 |       ||     5
       Bread ration      |       |     1 |     1 |     2 |     3 |     1 ||     8
       Beef jerky        |       |       |     1 |     1 |     4 |       ||     6
       Meat ration       |       |       |       |     1 |       |       ||     1
       Fruit             |       |       |       |     2 |     2 |       ||     4
       Pizza             |       |       |       |       |       |     1 ||     1
Armor: Animal skin       |     5 |       |       |       |       |       ||     5
       Ring mail         |    27 |    64 |       |       |       |       ||    91
       Chain mail        |       |    13 |    49 |       |       |       ||    62
       Scale mail        |       |       |   103 |    20 |       |       ||   123
       Plate armour      |       |       |       |   253 |   408 |   121 ||   782
       Skin              |       |       |       |       |       |     8 ||     8
Dodge: Dodged            |    65 |   138 |   151 |   251 |   354 |    75 ||  1034
Block: Buckler           |       |    41 |    68 |   120 |    56 |       ||   285
       Shield            |       |       |       |       |   354 |       ||   354
       Large shield      |       |       |       |       |   193 |   212 ||   405
